 Dungeon Crawl Stone Soup version 0.28-a0-845-gfc338a8e3c (webtiles) character file.

Game seed: 9742459061193552455

1549 vurker the Zephyrmancer (level 8, -3/48 HPs)
             Began as a Tengu Air Elementalist on Nov 12, 2021.
             Slain by an unseen horror (11 damage)
             ... on level 6 of the Dungeon.
             The game lasted 00:08:23 (7433 turns).

vurker the Zephyrmancer (Tengu Air Elementalist)    Turns: 7433, Time: 00:08:24

Health: -3/48      AC:  2    Str:  9    XL:     8   Next: 87%
Magic:  8/18       EV: 14    Int: 30    God:
Gold:   344        SH:  5    Dex: 14    Spells: 9/19 levels left

rFire   . . .      SeeInvis .   (no weapon)
rCold   . . .      Faith    .   (no shield)
rNeg    . . .      Spirit   .   a - +0 robe
rPois   .          Reflect  +   (helmet restricted)
rElec   .          Harm     .   (no cloak)
rCorr   .          Rampage  .   (no gloves)
Will    .....                   (boots unavailable)
Stlth   ++........              c - amulet of reflection
HPRegen 0.16/turn               j - +6 ring of intelligence
MPRegen 0.16/turn               o - +6 ring of intelligence

@: flying quickly and evasively, quick
A: beak, talons 3, nimble flight
a: no special abilities


You were on level 6 of the Dungeon.
You visited 1 branch of the dungeon, and saw 6 of its levels.
You also visited: Ossuary.

You collected 344 gold pieces.

Inventory:

Missiles
 g - a throwing net
Armour
 a - a +0 robe (worn)
Jewellery
 c - an amulet of reflection (around neck)
   (You found it on level 1 of the Dungeon)
 d - a ring of ice
   (You found it on level 2 of the Dungeon)
 j - a +6 ring of intelligence (left hand)
   (You found it on level 3 of the Dungeon)
 l - a ring of resist corrosion
   (You found it on level 3 of the Dungeon)
 o - a +6 ring of intelligence (right hand)
   (You found it on level 4 of the Dungeon)
Wands
 t - a wand of flame (14)
   (You found it on level 3 of the Dungeon)
Scrolls
 h - 2 scrolls of noise {unknown}
 i - a scroll of enchant armour {unknown}
 k - a scroll of fog {unknown}
 p - 2 scrolls of identify {unknown}
 q - a scroll of blinking {unknown}
 x - a scroll of teleportation {unknown}
 y - a scroll of magic mapping {unknown}
Potions
 b - 2 potions of berserk rage {unknown}
 e - 2 potions of might {unknown}
 f - a potion of brilliance {unknown}
 m - 2 potions of magic {unknown}
 n - 2 potions of heal wounds {unknown}
 r - a potion of resistance {unknown}
 s - a potion of ambrosia {unknown}
 u - a potion of invisibility {unknown}
 v - a potion of mutation {unknown}
 w - 2 potions of curing {unknown}
 z - 2 potions of haste {unknown}


   Skills:
 + Level 4.1 Fighting
 - Level 2.1 Dodging
 - Level 2.0 Stealth
 * Level 6.0 Spellcasting
 + Level 5.7 Conjurations
 * Level 9.1 Air Magic


You had 9 spell levels left.
You knew the following spells:

 Your Spells              Type           Power      Damage    Failure   Level
a - Shock                 Conj/Air       100%       1d9       1%          1
b - Lightning Bolt        Conj/Air       26%        1d42      7%          5
c - Airstrike             Air            29%        N/A       1%          4

Your spell library contained the following spells:

 Spells                   Type           Power      Damage    Failure   Level
 Static Discharge         Conj/Air       52%        N/A       1%          2
 Swiftness                Air            59%        N/A       1%          3
 Summon Lightning Spire   Summ/Air       36%        N/A       8%          4
 Gell's Gravitas          Tloc           9%         N/A       16%         3
 Lesser Beckoning         Tloc           9%         N/A       16%         3
 Teleport Other           Tloc           9%         N/A       16%         3


Dungeon Overview and Level Annotations

Branches:
Dungeon (6/15)            Ossuary (visited)
 Temple: D:4-7

Altars:
Beogh

Annotations:
D:5 3 runed translucent doors, kae's ghost, amateur HOCA


Innate Abilities, Weirdness & Mutations

You have a beak for a mouth.
You have claws for feet.
Your magical nature lets you fly swiftly and evasively.


Message History

Found a robe.
You see here a +0 robe.
Found a stone staircase leading down.
A howler monkey comes into view.
A howler monkey is nearby!
Aim: a howler monkey (asleep, empty space bonus: 5/8)
The air twists around and strikes the howler monkey!
The howler monkey howls!
You hear a bark!
Aim: a howler monkey (almost dead, empty space bonus: 5/8)
The air twists around and strikes the howler monkey!
You kill the howler monkey!
Your Spellcasting skill increases to level 6!
A hound comes into view.
A hound is nearby!
Aim: a hound (empty space bonus: 5/8)
The air twists around and strikes the hound!!
You kill the hound!
Found a stone staircase leading down and a stone staircase leading up.
There is a stone staircase leading down here.
Found 12 gold pieces.
You now have 324 gold pieces (gained 12).
Found 20 gold pieces.
Found a plate armour.
You now have 344 gold pieces (gained 20).
An adder comes into view.
An adder is nearby!
An adder is nearby!
Aim: an adder (asleep, empty space bonus: 2/8)
The air twists around and strikes the adder!!
You kill the adder!
Something hits you!
Deactivating autopickup; reactivate with Ctrl-A.
Something hits you! Something hits you but does no damage.
You block something's attack. You block something's attack. Something hits you.
The air twists around and strikes something!
The air twists around and strikes something!
Something hits you!
* * * LOW HITPOINT WARNING * * *
You block something's attack. Something hits you!
* * * LOW HITPOINT WARNING * * *
Something barely misses you. Something hits you.
* * * LOW HITPOINT WARNING * * *
Okay, then.
Something hits you!
You die...

#......(......#
.........##...#####..
..........##........#
...........##.....†.##
#..........#.........##
..............#.>.....#
............##.......
.. ........>##...## ##
##.. ......#..##@..#
..##....
.....###.##...# ......
....# #..#...## ....
<..# ##.#....#####.#
..# #............# ..
#.##.........#
#..###...##...## #.##
##..####..# . ..
#..####..###..#


There were no monsters in sight!

Vanquished Creatures
  A water moccasin (D:5)
  An ice beast (D:5)
  A black bear (D:5)
  A necrophage (D:5)
  A centaur (D:4)
  An ogre (D:5)
  2 elf zombies (Ossuary)
  2 electric eels (D:3)
  2 howler monkeys
  2 jellies (D:3)
  An orc priest (D:4)
  3 hounds
  2 human zombies (Ossuary)
  A gnoll shaman (D:5)
  3 iguanas
  2 orc wizards (D:4)
  2 hound zombies (D:5)
  A hound skeleton (D:5)
  3 mummies (Ossuary)
  10 gnolls
  5 adders
  4 adder zombies
  2 adder skeletons (D:4)
  2 worms
  2 dart slugs (D:2)
  8 orcs
  4 ball pythons
  5 endoplasms
  3 giant cockroaches
  4 gnoll zombies (Ossuary)
  5 hobgoblins
  4 jackals (D:5)
  2 quokkas
  6 bats
  2 frilled lizards
  5 goblins
  5 goblin zombies (Ossuary)
  2 hobgoblin zombies (Ossuary)
  6 jackal zombies (Ossuary)
  4 kobolds
  A kobold zombie (Ossuary)
  3 orc zombies (Ossuary)
  5 quokka zombies (Ossuary)
  3 rats (D:1)
  4 rat zombies (Ossuary)
138 creatures vanquished.

Vanquished Creatures (others)
  2 plants
2 creatures vanquished.

Grand Total: 140 creatures vanquished

Notes
Turn   | Place    | Note
-------+----------+-------------------------------------------
     0 | D:1      | vurker the Tengu Air Elementalist began the quest for the
                  | Orb.
     0 | D:1      | Reached XP level 1. HP: 10/10 MP: 4/4
   241 | D:1      | Reached XP level 2. HP: 16/16 MP: 3/6
   500 | D:1      | Found a faded altar of an unknown god.
  1255 | D:2      | Reached XP level 3. HP: 20/20 MP: 3/7
  1336 | D:2      | Reached skill level 1 in Fighting
  1597 | D:2      | Reached XP level 4. HP: 25/25 MP: 5/9
  1660 | D:2      | Reached skill level 5 in Air Magic
  2429 | D:3      | Gained mutation: Your magical nature lets you fly swiftly
                  | and evasively. [Tengu growth]
  2429 | D:3      | Reached XP level 5. HP: 29/29 MP: 4/10
  2785 | D:3      | Found a transporter.
  3024 | D:3      | Found a transporter.
  3149 | D:3      | Reached XP level 6. HP: 35/35 MP: 12/12
  3154 | D:3      | Reached skill level 6 in Air Magic
  3342 | D:4      | Learned a level 4 spell: Airstrike
  3862 | D:4      | Reached XP level 7. HP: 30/40 MP: 1/14
  4089 | D:4      | Found a sand-covered staircase.
  4097 | Ossuary  | Entered an ossuary
  4491 | Ossuary  | Reached skill level 7 in Air Magic
  5511 | D:5      | Entered Level 5 of the Dungeon
  5523 | D:5      | Learned a level 5 spell: Lightning Bolt
  5615 | D:5      | Reached skill level 5 in Spellcasting
  5615 | D:5      | Reached XP level 8. HP: 46/46 MP: 3/16
  5860 | D:5      | Found a runed translucent gate.
  5860 | D:5      | Found a runed translucent gate.
  5860 | D:5      | Found a runed translucent gate.
  5863 | D:5      | Noticed kae's ghost (amateur HOCA)
  5866 | D:5      | Identified the +1 chain mail "Emusoadgh" {Fly Str-3 Int+7
                  | Stlth+}
  5898 | D:5      | Reached skill level 8 in Air Magic
  6022 | D:5      | Reached skill level 5 in Conjurations
  7223 | D:6      | Reached skill level 9 in Air Magic
  7433 | D:6      | Slain by an unseen horror

Illustrated notes

Levels and vault maps discovered:
D:1:      dpeg_arrival_boxorama, layout_basic, chequers_ecumenical_altar_lobes
D:2:      layout_loops_cross
D:3:      gammafunk_steamed_eel, layout_loops_cross
D:4:      layout_rooms, lightli_ossuary_entry_decrepit_ruins
D:5:      minmay_angry_zag, layout_gridville, biasface_ghost_orc_armoury
D:6:      layout_layer_cave, serial_shops, shop, uniq_crazy_yiuf_cottage,
          uniq_edmund

Skill      XL: |  1  2  3  4  5  6  7  8 |
---------------+-------------------------+-----
Conjurations   | 2 3 4 5 |  5.7
Fighting       | 1 2 3 4 |  4.1
Air Magic      | 5 6 7 9 |  9.1
Spellcasting   | 3 4 5 6 |  6.0
Dodging        | |  2.1
Stealth        | |  2.0

Action                   |  1- 3 |  4- 6 |  7- 9 || total
-------------------------+-------+-------+-------++-------
Melee: Unarmed           |       |       |     3 ||     3
       Kick              |       |       |     2 ||     2
 Cast: Shock             |    61 |    92 |   102 ||   255
       Airstrike         |       |     3 |    56 ||    59
Evoke: Wand              |       |     2 |       ||     2
Armor: Robe              |     1 |       |     6 ||     7
Dodge: Dodged            |     5 |     3 |    15 ||    23
Block: Other             |     4 |     2 |    10 ||    16
       Reflection        |     1 |     1 |       ||     2

Table legend: (Time is in decaauts)
 A = Elapsed time spent in this place.
 B = Non-inter-level travel time spent in this place.
 C = Inter-level travel time spent in this place.
 D = Time resting spent in this place.
 E = Time spent auto-exploring this place.
 F = Levels seen in this place.
 G = Mean time per level.
                   A        B        C        D        E       F      G
               +--------+--------+--------+--------+--------+-----+--------+
         Total |   7231 |   7031 |    200 |    151 |   6014 |   7 | 1033.0 |
       Dungeon |   5934 |   5734 |    200 |    151 |   4949 |   6 |  989.0 |
       Ossuary |   1297 |   1297 |      0 |      0 |   1065 |   1 | 1297.0 |
               +--------+--------+--------+--------+--------+-----+--------+

Top non-repeatable levels by time:
     D:5: 1627 daAuts
 Ossuary: 1297 daAuts
     D:2: 1131 daAuts
     D:1: 1129 daAuts
     D:3: 1028 daAuts
     D:4: 811 daAuts
     D:6: 207 daAuts
